 Dungeon Crawl Stone Soup version 0.21.1-1-g345015f (webtiles) character file.

595 Lanoc the Slasher (level 7, -6/55 HPs)
             Began as a Vine Stalker Chaos Knight on Mar 18, 2018.
             Mangled by Prince Ribbit the guardian serpent (shapeshifter) (8 damage)
             ... on level 5 of the Dungeon.
             The game lasted 00:06:50 (3038 turns).

Lanoc the Slasher (Vine Stalker Chaos Knight)       Turns: 3038, Time: 00:06:51

Health: -6/55      AC:  7    Str: 19    XL:     7   Next: 40%
Magic:  0/8        EV: 13    Int: 12    God:    Xom [.*....]
Gold:   239        SH:  0    Dex: 16    Spells: 6/6 levels left

rFire    . . .     SeeInvis .   a - +0 falchion (chaos)
rCold    . . .     Gourm    .   (no shield)
rNeg     . . .     Faith    .   b - +3 leather armour
rPois    .         Spirit   +   n - +0 helmet (curse)
rElec    .         Reflect  .   (no cloak)
rCorr    .         Harm     .   (no gloves)
MR       +....                  (no boots)
Stlth    ..........             m - amulet of regeneration
HPRegen  0.98/turn              g - ring of stealth
MPRegen  0.11/turn              h - ring of protection from magic

@: berserking, very quick
A: fangs 2, regeneration 1, magic shield, antimagic bite, no potion heal 3, rot
immunity
a: Renounce Religion


You were on level 5 of the Dungeon.
You worshipped Xom.
You were a plaything of Xom.
You were not hungry.

You visited 1 branch of the dungeon, and saw 5 of its levels.

You collected 239 gold pieces.

Inventory:

Hand Weapons
 a - a +0 falchion of chaos (weapon)
Armour
 b - a +3 leather armour (worn)
 n - a cursed +0 helmet (worn)
Jewellery
 g - a ring of stealth (left hand)
 h - a ring of protection from magic (right hand)
 m - an amulet of regeneration (around neck)
Wands
 j - a wand of acid (15)
 s - a wand of digging (28)
Scrolls
 d - a scroll of remove curse {unknown}
 f - a scroll of enchant armour
 l - a scroll of amnesia
 r - a scroll of enchant weapon {unknown}
Potions
 e - 4 potions of agility
 i - a potion of heal wounds
 o - a potion of cancellation
 p - a potion of ambrosia {unknown}
Comestibles
 c - 8 rations
 q - 2 chunks of flesh


   Skills:
 + Level 4.1 Fighting
 * Level 5.1 Long Blades
 + Level 3.2 Armour
 + Level 2.8 Dodging


You had 6 spell levels left.
You didn't know any spells.

Dungeon Overview and Level Annotations

Branches:
Dungeon (5/15)
 Temple: D:4-7

Altars:
Kikubaaqudgha
Sif Muna
Yredelemnul
The Shining One

Annotations:
D:5 Prince Ribbit


Innate Abilities, Weirdness & Mutations

You have extremely sharp teeth.
Your natural rate of healing is unusually fast.
When hurt, damage is shared between your health and your magic reserves.
Your bite disrupts and absorbs the magic of your enemies.
Potions cannot restore your health.
You are immune to rotting.


Message History

You feel yourself moving faster!
You feel mighty! The shadow imp closely misses you.
You riposte.
You barely miss the shadow imp. Your bite misses the shadow imp.
Prince Ribbit closely misses you.
You riposte.
You hit Prince Ribbit.
Prince Ribbit's magic leaks into the air.
You bite Prince Ribbit!
Prince Ribbit's magic leaks into the air.
You drain its magic.
You feel invigorated.
Prince Ribbit is moderately wounded.
You hit Prince Ribbit. Your bite misses Prince Ribbit.
Prince Ribbit is moderately wounded.
Prince Ribbit hits you!
* * * LOW HITPOINT WARNING * * *
The shadow imp barely misses you.
You hit Prince Ribbit.
Prince Ribbit is poisoned.
Your bite misses Prince Ribbit.
Prince Ribbit is heavily wounded.
Prince Ribbit hits you!
You die...
Xom chuckles heartily!

##.####..# #.#
#.⌠....≈_.#. ##.#
#..# #.# #..(##....#.
##.# #..# #.#
#..########.
##.####..#
#.#######...........
.........#
#............#######
##.####.##
#..#########.# #.#
#.# #.......####.#
#.# #.#
#...5......#.# #.#
#.# ##.@###.## ..#
#.##
#..........S.........
#<.#
######............#.#
##.# #.##.s####### ##
#.# #. #..# #.# #
#..# #.# #... #.#
#..# #.#


You could see Prince Ribbit the guardian serpent shaped shifter, a shadow imp
and a giant cockroach.

Vanquished Creatures
  Edmund (D:5)
  A centaur (D:5)
  A scorpion (D:5)
  A crimson imp (D:5)
  A bullfrog zombie (D:5)
  A quasit (D:4)
  A hound (D:5)
  An iguana (D:4)
  A worker ant (D:4)
  9 adders
  5 worms
  2 dart slugs
  3 leopard geckos
  2 ball pythons
  5 giant cockroaches
  9 goblins
  7 hobgoblins
  5 jackals (D:3)
  4 quokkas
  8 bats
  2 frilled lizards (D:1)
  7 kobolds
  A rat (D:1)
78 creatures vanquished.

Notes
Turn   | Place    | Note
-------+----------+-------------------------------------------
     0 | D:1      | Lanoc the Vine Stalker Chaos Knight began the quest for the Orb.
     0 | D:1      | Reached XP level 1. HP: 11/11 MP: 2/2
   168 | D:1      | Reached skill level 1 in Dodging
   168 | D:1      | Reached XP level 2. HP: 16/16 MP: 3/3
   189 | D:1      | Reached skill level 3 in Long Blades
   274 | D:1      | XOM: harmless Fire miscast
   374 | D:1      | Reached XP level 3. HP: 19/19 MP: 4/4
   390 | D:1      | XOM: divination: detect items
   612 | D:1      | XOM: mild Hex miscast
   628 | D:1      | XOM: god gift: 14 gold pieces
   861 | D:2      | XOM: smoke on damage
  1025 | D:2      | Found a deep blue altar of Sif Muna.
  1234 | D:2      | XOM: god gift: scroll labeled QOCOXO SIQIUWK {god gift}
  1409 | D:2      | Gained mutation: Your natural rate of healing is unusually fast. [Vine Stalker growth]
  1409 | D:2      | Reached XP level 4. HP: 11/24 MP: 5/5
  1450 | D:2      | XOM: 1-stop teleportation journey
  1612 | D:3      | XOM: smoke on damage
  1719 | D:3      | XOM: mild Conj miscast
  2174 | D:4      | Reached XP level 5. HP: 28/28 MP: 6/6
  2196 | D:4      | Reached skill level 4 in Long Blades
  2545 | D:4      | Found a basalt altar of Yredelemnul.
  2672 | D:4      | Found a glowing golden altar of the Shining One.
  2676 | D:4      | Reached XP level 6. HP: 32/32 MP: 7/7
  2751 | D:5      | Entered Level 5 of the Dungeon
  2774 | D:5      | XOM: smoke on damage
  2893 | D:5      | Found an ancient bone altar of Kikubaaqudgha.
  2893 | D:5      | Noticed Edmund
  2910 | D:5      | XOM: cast spell 'Statue Form'
  2913 | D:5      | Reached XP level 7. HP: 37/37 MP: 8/8
  2952 | D:5      | Killed Edmund
  2952 | D:5      | Reached skill level 5 in Long Blades
  2994 | D:5      | XOM: summons 3 hostile shadow creatures
  3026 | D:5      | Noticed Prince Ribbit
  3027 | D:5      | XOM: noise
  3028 | D:5      | Noticed Prince Ribbit
  3028 | D:5      | Prince Ribbit changed into Prince Ribbit the shapeshifter
  3028 | D:5      | XOM: polymorph Prince Ribbit -> Prince Ribbit the shapeshifter
  3029 | D:5      | Noticed Prince Ribbit
  3029 | D:5      | Prince Ribbit the shapeshifter changed into Prince Ribbit the black mamba
  3032 | D:5      | Noticed Prince Ribbit
  3032 | D:5      | Prince Ribbit the black mamba changed into Prince Ribbit the guardian serpent
  3037 | D:5      | HP: 1/55 [Prince Ribbit the guardian serpent (shapeshifter) (4)]
  3038 | D:5      | Mangled by Prince Ribbit the guardian serpent (shapeshifter)

Skill      XL: |  1  2  3  4  5  6  7 |
---------------+----------------------+-----
Dodging        | 1 2 |  2.8
Long Blades    | 3 4 5 |  5.1
Fighting       | 3 4 |  4.1
Armour         | 2 3 |  3.2

Action                   |  1- 3 |  4- 6 |  7- 9 || total
-------------------------+-------+-------+-------++-------
Melee: Falchion          |    99 |   131 |    67 ||   297
       Bite              |    27 |    39 |    30 ||    96
  Use: Scroll            |       |     6 |     1 ||     7
       Potion            |       |       |     1 ||     1
 Stab: Sleeping          |     4 |     9 |       ||    13
       Paralysed         |       |     1 |       ||     1
       Petrified         |       |       |    18 ||    18
       Confused          |       |       |     2 ||     2
       Petrifying        |       |       |     2 ||     2
  Eat: Chunk             |     2 |     5 |       ||     7
Armor: Leather armour    |    36 |    69 |    14 ||   119
       Skin              |       |     2 |     2 ||     4
Dodge: Dodged            |    57 |   103 |    16 ||   176
       Rpst.: Falchion   |    12 |    29 |     3 ||    44
